 Dungeon Crawl Stone Soup version 0.20-a0-795-ga03948b (webtiles) character file.

21 M4edhros the Sneak (level 2, -2/18 HPs)
             Began as an Octopode Artificer on Mar 1, 2017.
             Slain by an orc
             ... wielding a +0 hand axe
              (5 damage)
             ... on level 4 of the Dungeon.
             The game lasted 00:00:40 (802 turns).

M4edhros the Sneak (Octopode Artificer)              Turns: 802, Time: 00:00:41

Health: -2/18      AC:  1    Str: 11    XL:     2   Next: 87%
Magic:  4/4        EV: 13    Int: 13    God:
Gold:   35         SH:  0    Dex: 12    Spells: 1/1 levels left

rFire    . . .     SeeInvis .   a - +0 short sword
rCold    . . .     Gourm    .   (no shield)
rNeg     . . .     Faith    .   (helmet restricted)
rPois    .         Spirit   .   (no amulet)
rElec    .         Reflect  .   (no ring)
rCorr    .         Harm     .   (no ring)
MR       .....                  (no ring)
Stlth    +++.......             (no ring)
Regen    0.1/turn               (no ring)
MPRegen  0.1/turn               (no ring)
                                (no ring)
                                (no ring)

@: no status effects
A: almost no armour, stealthy swim, amphibious, 8 rings, constrict 8, camouflage
1, gelatinous body 1
a: no special abilities


You were on level 4 of the Dungeon.
You were not hungry.

You visited 1 branch of the dungeon, and saw 4 of its levels.

You collected 35 gold pieces.

Inventory:

Hand Weapons
 a - a +0 short sword (weapon)
Wands
 b - a wand of flame (14/48)
 c - a wand of enslavement (13/24)
 d - a wand of random effects (15/48)
Scrolls
 e - a scroll of amnesia {unknown}
 i - 2 scrolls of fog {unknown}
 n - a scroll of identify {unknown}
Potions
 g - 2 potions of might {unknown}
 h - a potion of flight {unknown}
 j - a potion of heal wounds {unknown}
 m - a potion of berserk rage {unknown}
 o - a potion of curing {unknown}
Comestibles
 f - 2 bread rations
 k - 5 fruits
 l - a meat ration


   Skills:
 - Level 1.0 Fighting
 - Level 1.0 Short Blades
 - Level 2.0 Dodging
 + Level 4.0 Stealth
 - Level 3.2 Evocations


You had one spell level left.
You didn't know any spells.

Dungeon Overview and Level Annotations

Branches:
Dungeon (4/15)
 Temple: D:4-7

Altars:
Ru
Uskayaw
Vehumet


Innate Abilities, Weirdness & Mutations

You cannot wear most types of armour.
You are very stealthy in the water. (Stealth+)
You are amphibious.
You can wear up to eight rings at the same time.
You can use your tentacles to constrict eight enemies at once.
Your skin changes colour to match your surroundings (Stealth+).
Your rubbery body absorbs attacks. (AC +1, EV +1)


Message History

You grab the adder skeleton. You squeeze the adder skeleton.
The adder skeleton is moderately damaged.
You constrict the adder skeleton. The adder skeleton misses you.
You hit the adder skeleton.
The adder skeleton is severely damaged.
You constrict the adder skeleton. The adder skeleton closely misses you.
You hit the adder skeleton but do no damage.
The adder skeleton is severely damaged.
You constrict the adder skeleton. The adder skeleton bites you.
You hit the adder skeleton.
You destroy the adder skeleton!
Your Stealth skill increases to level 4!
You hit the orc but do no damage. Your grab misses the orc. The orc misses you.
You barely miss the orc. You grab the orc. You constrict the orc.
The orc hits you with a hand axe.
* * * LOW HITPOINT WARNING * * *
You hit the orc.
The orc is moderately wounded.
You constrict the orc. The orc hits you with a hand axe.
You die...

#...#.. ..# .
#...#.# ..### ..#
#...#.###.....
....#...#.#.......
.o#..o.o.......(..
..........#.......
#Z..((..#
#######o#.##
+.(...@....#
#######.#..#
#.#...# #.# ....
..# #..#. ### ....
...


You could see an orc.

Vanquished Creatures
  An adder skeleton (D:4)
  2 orcs (D:4)
  2 giant cockroaches (D:3)
  A goblin (D:2)
  A hobgoblin (D:2)
  3 jackals (D:3)
  A ball python (D:3)
  A bat (D:3)
  3 frilled lizards
  A kobold (D:1)
16 creatures vanquished.

Notes
Turn   | Place    | Note
-------+----------+-------------------------------------------
     0 | D:1      | M4edhros the Octopode Artificer began the quest for the Orb.
     0 | D:1      | Reached XP level 1. HP: 13/13 MP: 3/3
   265 | D:2      | Reached skill level 2 in Stealth
   363 | D:3      | Found a hide-covered altar of Uskayaw.
   378 | D:3      | Reached skill level 3 in Stealth
   378 | D:3      | Reached XP level 2. HP: 18/18 MP: 4/4
   708 | D:3      | Found a radiant altar of Vehumet.
   746 | D:3      | Found a sacrificial altar of Ru.
   799 | D:4      | Reached skill level 4 in Stealth
   802 | D:4      | Slain by an orc

Vault maps used:
D:1:      dpeg_arrival_pits, serial_corexii_hall, corexii_hall_statues_x,
          corexii_hall_statues_s, supply_closet_lemuel
D:2:      lemuel_upstairs_altar, serial_bayou_pond_c, minmay_cupped, uniq_robin
D:3:      marbit_many_paths, vehumet_crystals, nemelex_altar_shiori,
          eat_drink_and_be_merry_uskayaw, lemuel_coloured_pillars_altar,
          uniq_jessica
D:4:      lemuel_crystal_altar, lemuel_round_altar, first_bread,
          grunt_qazlal_sundering

Skill      XL: |  1  2 |
---------------+-------+-----
Stealth        | 3 4 |  4.0
Fighting       | |  1.0
Short Blades   | |  1.0
Dodging        | |  2.0
Evocations     | |  3.2

Action                   || total
-------------------------++-------
Melee: Short sword       ||    33
       Constrict         ||     8
       Tentacles         ||     2
Evoke: Wand              ||     3
 Stab: Sleeping          ||     5
       Distracted        ||     1
Armor: Skin              ||     5
Dodge: Dodged            ||    29
